Inferno vs Diablos
Created - January 4, 2020 at 19:07
Goals
|
Inferno |
1 |
0 |
0 |
1 |
Diablos |
0 |
1 |
2 |
3 |
|
Shots
|
Inferno |
10 |
9 |
12 |
31 |
Diablos |
14 |
16 |
8 |
38 |
|
1st period
1. Inferno , Vladimir Sobotka 4 (Tanner Pearson 17, Bryan Rust 19) at 4:42
Penalties :
Corey Trivino (Don) for Roughing (Minor) at 9:46, David Savard (Anc) for Hooking (Minor) at 15:29
2nd period
2. Diablos , Nick Spaling 16 (Jordan Szwarz 11, Viktor Loov 9) at 7:26
Penalties :
Andrey Pedan (Don) for Tripping (Minor) at 2:09
3rd period
3. Diablos , Philip Larsen 2 (Riley Nash 1, Brian Dumoulin 13) at 1:50
4. Diablos , Dominic Turgeon 2 (Viktor Loov 10, Corey Trivino 8) at 19:43 (SH) (Empty Net)
Penalties :
Philip Varone (Anc) for Hooking (Minor) at 5:47, Viktor Loov (Don) for Hooking (Minor) at 10:37, Adrian Kempe (Don) for Holding (Minor) at 18:23
Goalie Stats
Christopher Gibson (Anc), 35 saves from 37 shots - (0.946), L, 8-7-1, 59:15 minutes
Kristers Gudlevskis (Don), 30 saves from 31 shots - (0.968), W, 12-9-1, 60:00 minutes
Players Stats for Inferno
Player Name G A P +/- PIM S H SB GA TA FO MP PP MP PK MP
------------------------------------------------------------------------------------
Anders Lee 0 0 0 -1 0 3 3 0 0 0 7/21 18:13 4:13 1:00
Bryan Rust 0 1 1 -1 0 1 2 2 1 0 0/1 20:02 0:00 2:28
Christian Folin 0 0 0 -1 0 3 2 1 0 0 0/0 20:58 2:58 2:29
Colby Robak 0 0 0 -1 0 0 0 0 0 1 0/0 20:58 2:58 2:29
David Savard 0 0 0 -2 2 2 2 1 0 1 0/0 24:12 4:35 0:39
Esa Lindell 0 0 0 -2 0 0 0 2 2 1 0/0 24:17 4:35 0:50
Greg Pateryn 0 0 0 1 0 1 1 2 0 3 0/0 14:06 0:00 0:00
Kevin Labanc 0 0 0 0 0 5 0 0 1 1 0/1 16:04 3:12 0:00
Mathieu Brodeur 0 0 0 1 0 0 1 0 0 1 0/0 15:35 0:00 1:29
Matt Kassian 0 0 0 0 0 0 2 2 0 0 2/2 13:42 0:00 0:58
Matthew Nieto 0 0 0 0 0 0 4 0 0 0 0/0 13:05 3:12 0:32
Oliver Bjorkstrand 0 0 0 -1 0 0 0 0 1 0 0/0 13:27 4:13 0:00
Peter Cehlarik 0 0 0 0 0 2 1 2 0 0 0/0 9:39 0:00 0:00
Philip Varone 0 0 0 0 2 2 1 0 1 0 1/4 10:07 0:08 0:32
Tanner Pearson 0 1 1 -2 0 4 1 1 1 0 1/2 20:44 4:21 0:00
Tyler Shattock 0 0 0 0 0 1 0 0 0 0 0/0 8:57 0:08 0:00
Victor Rask 0 0 0 0 0 3 0 1 0 0 2/4 12:09 3:12 0:00
Vladimir Sobotka 1 0 1 -1 0 4 1 0 0 0 12/26 19:45 0:00 2:26
Players Stats for Diablos
Player Name G A P +/- PIM S H SB GA TA FO MP PP MP PK MP
------------------------------------------------------------------------------------
Adrian Kempe 0 0 0 0 2 2 1 0 0 0 5/8 12:54 0:00 0:00
Andrei Mironov 0 0 0 0 0 0 0 0 0 0 0/0 9:26 0:00 0:00
Andrey Pedan 0 0 0 2 2 0 2 1 0 1 0/0 18:30 1:23 1:47
Brian Dumoulin 0 1 1 0 0 3 2 5 0 1 0/0 25:58 2:35 5:11
Charles Hudon 0 0 0 0 0 3 1 0 2 0 0/0 12:55 0:00 0:00
Corey Trivino 0 1 1 1 2 1 1 0 1 0 19/34 19:19 2:15 1:23
Danton Heinen 0 0 0 0 0 0 0 0 0 0 0/0 0:12 0:05 0:00
Dominic Turgeon 1 0 1 1 0 1 0 0 0 0 0/1 1:34 0:00 1:30
Jack Glover 0 0 0 0 0 0 0 0 0 0 0/0 5:30 0:00 0:00
Jakub Vrana 0 0 0 0 0 2 0 0 0 0 0/0 7:11 0:00 0:00
Jamie Devane 0 0 0 1 0 0 0 0 0 0 0/0 0:46 0:00 0:46
Jiri Sekac 0 0 0 0 0 0 1 1 4 0 0/0 14:09 1:38 0:00
Jordan Szwarz 0 1 1 1 0 4 0 0 0 0 1/2 22:33 2:15 4:40
Matt Lindblad 0 0 0 0 0 1 0 0 0 0 0/0 0:12 0:05 0:00
Nick Spaling 1 0 1 1 0 3 1 0 0 1 4/6 22:18 2:15 4:28
Peter Holland 0 0 0 0 0 0 2 0 0 0 5/7 14:30 1:38 0:18
Philip Larsen 1 0 1 0 0 5 0 4 0 1 0/0 25:58 2:35 5:11
Riley Nash 0 1 1 0 0 0 0 0 0 0 2/3 7:11 0:00 0:00
Scott Glennie 0 0 0 0 0 6 0 0 0 1 0/0 12:55 0:00 0:00
Stuart Percy 0 0 0 0 0 0 0 0 0 0 0/0 10:27 0:00 1:01
Tobias Lindberg 0 0 0 0 0 0 0 0 0 0 0/0 0:12 0:05 0:00
Ty Rattie 0 0 0 0 0 1 1 0 0 0 0/0 7:11 0:00 0:00
Tyler Lewington 0 0 0 0 0 2 0 0 0 1 0/0 5:34 0:00 0:01
Tyler Pitlick 0 0 0 0 0 3 1 1 1 1 0/0 16:17 1:38 2:01
Viktor Loov 0 2 2 2 2 1 0 2 0 0 0/0 18:41 1:23 1:55
3 Stars
1 - Kristers Gudlevskis (Don)
2 - Nick Spaling (Don)
3 - Christopher Gibson (Anc)
Power Play
Inferno - 0 on 4 Attempt(s) - 0.00%
Diablos - 0 on 2 Attempt(s) - 0.00%
Penalty Kill
Inferno - 2 on 2 Attempt(s) - 100.00%
- Score 0 goal in Penalty Kill
Diablos - 4 on 4 Attempt(s) - 100.00%
- Score 1 goal in Penalty Kill
Team Stat
Inferno - Hits : 21 - Faceoff Wins : 25 - Blocked Shots : 14 - Penalty Minutes : 4
Diablos - Hits : 13 - Faceoff Wins : 36 - Blocked Shots : 14 - Penalty Minutes : 8
Official
Referees : Unknown
Linesman : Unknown
Game Notes
11:20 of 2nd period - Inferno goal is going for a video replay. After video review, No Goal. The puck has been directed, batted or thrown into the net by an attacking player other than with a stick.
Dominic Turgeon has scored in a empty net!
Finance
Level 1 -- Attendance: 1573 (78.65%) -- Ticket Income $22,022
Level 2 -- Attendance: 684 (68.40%) -- Ticket Income $3,420
Total Attendance: 2257 (75.23%)
Total Ticket Income: $25,442
Other Income: $1,272
Total Income: $26,714
Inferno
5 vs 5 Forward
Center Left Wing Right Wing Time % Phy DF OF
1 Vladimir Sobotka Tanner Pearson Bryan Rust 40 1 2 2
2 Anders Lee Matt Kassian Kevin Labanc 30 1 2 2
3 Philip Varone Matthew Nieto Oliver Bjorkstrand 20 1 2 2
4 Victor Rask Peter Cehlarik Tyler Shattock 10 1 2 2
5 vs 5 Defense
Defense Defense Time % Phy DF OF
1 Esa Lindell David Savard 40 1 2 2
2 Colby Robak Christian Folin 30 1 2 2
3 Greg Pateryn Mathieu Brodeur 20 1 2 2
4 Colby Robak Christian Folin 10 1 2 2
PowerPlay Forward
Center Left Wing Right Wing Time % Phy DF OF
1 Anders Lee Tanner Pearson Oliver Bjorkstrand 60 1 2 2
2 Victor Rask Matthew Nieto Kevin Labanc 40 1 2 2
PowerPlay Defense
Defense Defense Time % Phy DF OF
1 Esa Lindell David Savard 60 1 2 2
2 Colby Robak Christian Folin 40 1 2 2
Penalty Kill 4 Players Forward
Center Wing Time % Phy DF OF
1 Vladimir Sobotka Bryan Rust 60 1 2 2
2 Philip Varone Matt Kassian 40 1 2 2
Penalty Kill 4 Players Defense
Defense Defense Time % Phy DF OF
1 Colby Robak Christian Folin 60 1 2 2
2 Mathieu Brodeur David Savard 40 1 2 2
Penalty Kill - 3 Players Forward
Forward Time % Phy DF OF
1 Vladimir Sobotka 60 1 2 2
2 Bryan Rust 40 1 2 2
Penalty Kill - 3 Players Defense
Defense Defense Time % Phy DF OF
1 Colby Robak Christian Folin 60 1 2 2
2 Mathieu Brodeur David Savard 40 1 2 2
4 vs 4 Forward
Center Wing Time % Phy DF OF
1 Anders Lee Bryan Rust 60 1 2 2
2 Philip Varone Matt Kassian 40 1 2 2
4 vs 4 Defense
Defense Defense Time % Phy DF OF
1 Esa Lindell David Savard 60 1 2 2
2 Colby Robak Christian Folin 40 1 2 2
Last Minutes Offensive
Center Left Wing Right Wing Defense Defense
Anders Lee Tanner Pearson Bryan Rust Esa Lindell Christian Folin
Last Minutes Defensive
Center Left Wing Right Wing Defense Defense
Vladimir Sobotka Tanner Pearson Bryan Rust Colby Robak David Savard
Goaltenders
Starting : Christopher Gibson
Backup : Michael Hutchinson
Extra Forwards
Normal : Bryan Rust, Matthew Nieto, Oliver Bjorkstrand - PP : Matthew Nieto, Oliver Bjorkstrand - PK : Bryan Rust
Extra Defensemen
Normal : David Savard, Greg Pateryn, Mathieu Brodeur - PP : Esa Lindell - PK : David Savard, Mathieu Brodeur
Penalty Shots
Anders Lee, Tanner Pearson, Oliver Bjorkstrand, Victor Rask, Bryan Rust
Scratches
Chris Brown (Healthy), Frank Corrado (Bruised Right Foot Injury), Ryan Spooner (Healthy), Trevor Carrick (Healthy), Petteri Lindbohm (Healthy)
Eric Karlsson (Healthy), John Gilmour (Healthy), Vladimir Zharkov (Healthy), Ryan Donato (Healthy), Vladislav Kamenev (Healthy)
Dominik Masin (Healthy), Brandon Hickey (Healthy), Nathan Lieuwen (Healthy), Vitek Vanecek (Healthy)
Diablos
5 vs 5 Forward
Center Left Wing Right Wing Time % Phy DF OF
1 Corey Trivino Nick Spaling Jordan Szwarz 40 1 2 2
2 Peter Holland Jiri Sekac Tyler Pitlick 30 1 2 2
3 Adrian Kempe Charles Hudon Scott Glennie 20 1 2 2
4 Riley Nash Jakub Vrana Ty Rattie 10 1 2 2
5 vs 5 Defense
Defense Defense Time % Phy DF OF
1 Brian Dumoulin Philip Larsen 40 1 2 2
2 Viktor Loov Andrey Pedan 30 1 2 2
3 Andrei Mironov Stuart Percy 20 1 2 2
4 Tyler Lewington Jack Glover 10 1 2 2
PowerPlay Forward
Center Left Wing Right Wing Time % Phy DF OF
1 Corey Trivino Nick Spaling Jordan Szwarz 60 1 2 2
2 Peter Holland Jiri Sekac Tyler Pitlick 40 1 2 2
PowerPlay Defense
Defense Defense Time % Phy DF OF
1 Brian Dumoulin Philip Larsen 60 1 2 2
2 Viktor Loov Andrey Pedan 40 1 2 2
Penalty Kill 4 Players Forward
Center Wing Time % Phy DF OF
1 Nick Spaling Jordan Szwarz 60 1 2 2
2 Corey Trivino Tyler Pitlick 40 1 2 2
Penalty Kill 4 Players Defense
Defense Defense Time % Phy DF OF
1 Brian Dumoulin Philip Larsen 60 1 2 2
2 Viktor Loov Andrey Pedan 40 1 2 2
Penalty Kill - 3 Players Forward
Forward Time % Phy DF OF
1 Nick Spaling 60 1 2 2
2 Jordan Szwarz 40 1 2 2
Penalty Kill - 3 Players Defense
Defense Defense Time % Phy DF OF
1 Brian Dumoulin Philip Larsen 60 1 2 2
2 Viktor Loov Andrey Pedan 40 1 2 2
4 vs 4 Forward
Center Wing Time % Phy DF OF
1 Nick Spaling Jordan Szwarz 60 1 2 2
2 Corey Trivino Tyler Pitlick 40 1 2 2
4 vs 4 Defense
Defense Defense Time % Phy DF OF
1 Brian Dumoulin Philip Larsen 60 1 2 2
2 Viktor Loov Andrey Pedan 40 1 2 2
Last Minutes Offensive
Center Left Wing Right Wing Defense Defense
Corey Trivino Nick Spaling Jordan Szwarz Brian Dumoulin Philip Larsen
Last Minutes Defensive
Center Left Wing Right Wing Defense Defense
Corey Trivino Nick Spaling Jordan Szwarz Brian Dumoulin Philip Larsen
Goaltenders
Starting : Kristers Gudlevskis
Backup : Joni Ortio
Extra Forwards
Normal : Danton Heinen, Matt Lindblad, Dominic Turgeon - PP : Danton Heinen, Matt Lindblad - PK : Dominic Turgeon
Extra Defensemen
Normal : Andrei Mironov, Stuart Percy, Tyler Lewington - PP : Andrei Mironov - PK : Stuart Percy, Tyler Lewington
Penalty Shots
Nick Spaling, Jordan Szwarz, Corey Trivino, Tyler Pitlick, Peter Holland
Scratches
Anthony Camara (Healthy), Sergey Tolchinsky (Concussion Injury), Lars Eller (Torn Right MCL Injury), Branden Troock (Healthy), David Pastrnak (Broken Right Thumb Injury)
Ryan MacInnis (Healthy), Matt Tomkins (Healthy)
% Time on Ice - Inferno
Lines # - Real PCT - Wanted PCT - Time Play
Normal Forward
1 - 36% - 40% - 17:35
2 - 27% - 30% - 12:52
3 - 19% - 20% - 9:13
4 - 18% - 10% - 8:49
Normal Defense
1 - 40% - 40% - 19:14
2 - 28% - 30% - 13:34
3 - 29% - 20% - 14:06
4 - 3% - 10% - 1:35
PP Forward
1 - 58% - 60% - 4:21
2 - 42% - 40% - 3:12
PP Defense
1 - 61% - 60% - 4:35
2 - 39% - 40% - 2:58
PK Forward
1 - 76% - 60% - 3:00
2 - 24% - 40% - 0:58
PK Defense
1 - 63% - 60% - 2:29
2 - 37% - 40% - 1:29
PK3 Forward
1 - 0% - 60%
2 - 0% - 40%
PK3 Defense
1 - 0% - 60%
2 - 0% - 40%
44 Forward
1 - 0% - 60%
2 - 0% - 40%
44 Defense
1 - 0% - 60%
2 - 0% - 40%
Last Minute Offensive - 0:00
Last Minute Defensive - 0:00
Total
Forward - 60:00
Defense - 60:00
|
% Time on Ice - Diablos
Lines # - Real PCT - Wanted PCT - Time Play
Normal Forward
1 - 32% - 40% - 15:45
2 - 26% - 30% - 12:38
3 - 27% - 20% - 12:55
4 - 15% - 10% - 7:11
Normal Defense
1 - 38% - 40% - 18:12
2 - 32% - 30% - 15:21
3 - 19% - 20% - 9:26
4 - 11% - 10% - 5:30
PP Forward
1 - 59% - 60% - 2:20
2 - 41% - 40% - 1:38
PP Defense
1 - 65% - 60% - 2:35
2 - 35% - 40% - 1:23
PK Forward
1 - 73% - 60% - 5:32
2 - 27% - 40% - 2:01
PK Defense
1 - 69% - 60% - 5:11
2 - 31% - 40% - 2:22
PK3 Forward
1 - 0% - 60%
2 - 0% - 40%
PK3 Defense
1 - 0% - 60%
2 - 0% - 40%
44 Forward
1 - 0% - 60%
2 - 0% - 40%
44 Defense
1 - 0% - 60%
2 - 0% - 40%
Last Minute Offensive - 0:00
Last Minute Defensive - 0:00
Total
Forward - 60:00
Defense - 60:00
|
Play-by-Play
1st period
0:01 of 1st period - Vladimir Sobotka wins face-off versus Corey Trivino in neutral zone.
0:04 of 1st period - Wrist shot by Tanner Pearson.
0:04 of 1st period - Deflect By Vladimir Sobotka.
0:04 of 1st period - Stopped by Kristers Gudlevskis with a rebound.
0:26 of 1st period - Tyler Pitlick is hit by Anders Lee and loses puck.
0:49 of 1st period - Philip Varone is hit by Brian Dumoulin.
1:13 of 1st period - Colby Robak is hit by Andrey Pedan and loses puck.
1:20 of 1st period - Slapshot by Christian Folin.
1:20 of 1st period - Shot Blocked by Viktor Loov.
1:29 of 1st period - Off-side.
1:30 of 1st period - Peter Holland wins face-off versus Vladimir Sobotka in neutral zone.
1:39 of 1st period - Slapshot by Jiri Sekac.
1:39 of 1st period - Shot Misses the Net.
2:21 of 1st period - Snap shot by Charles Hudon.
2:21 of 1st period - Stopped by Christopher Gibson with a rebound.
2:23 of 1st period - Wrist shot by Scott Glennie.
2:23 of 1st period - Shot Misses the Net.
3:57 of 1st period - Snap shot by Scott Glennie.
3:57 of 1st period - Stopped by Christopher Gibson with a rebound.
3:59 of 1st period - Backhand shot by Scott Glennie.
3:59 of 1st period - Shot Misses the Net.
4:01 of 1st period - Snap shot by Charles Hudon.
4:01 of 1st period - Stopped by Christopher Gibson with a rebound.
4:40 of 1st period - Slapshot by Tanner Pearson.
4:40 of 1st period - Shot Misses the Net.
4:42 of 1st period - Snap shot by Vladimir Sobotka.
4:42 of 1st period - Goal by Vladimir Sobotka - Inferno : 1 - Diablos : 0.
4:43 of 1st period - Corey Trivino wins face-off versus Anders Lee in neutral zone.
4:50 of 1st period - Snap shot by Nick Spaling.
4:50 of 1st period - Shot Misses the Net.
4:56 of 1st period - Snap shot by Anders Lee.
4:56 of 1st period - Stopped by Kristers Gudlevskis with a rebound.
4:58 of 1st period - Slapshot by Christian Folin.
4:58 of 1st period - Stopped by Kristers Gudlevskis with a rebound.
5:08 of 1st period - Christian Folin is hit by Peter Holland and loses puck.
5:29 of 1st period - Snap shot by Adrian Kempe.
5:29 of 1st period - Shot Misses the Net.
5:42 of 1st period - Viktor Loov is hit by Greg Pateryn and loses puck.
5:55 of 1st period - Snap shot by Ty Rattie.
5:55 of 1st period - Stopped by Christopher Gibson without a rebound.
5:56 of 1st period - Riley Nash wins face-off versus Anders Lee in Inferno zone.
6:07 of 1st period - Snap shot by Riley Nash.
6:07 of 1st period - Shot Blocked by Matt Kassian.
6:25 of 1st period - Snap shot by Jordan Szwarz.
6:25 of 1st period - Stopped by Christopher Gibson without a rebound.
6:26 of 1st period - Corey Trivino wins face-off versus Vladimir Sobotka in Inferno zone.
6:51 of 1st period - Snap shot by Adrian Kempe.
6:51 of 1st period - Stopped by Christopher Gibson without a rebound.
6:52 of 1st period - Anders Lee wins face-off versus Adrian Kempe in Inferno zone.
7:05 of 1st period - Wrist shot by Anders Lee.
7:05 of 1st period - Stopped by Kristers Gudlevskis without a rebound.
7:06 of 1st period - Vladimir Sobotka wins face-off versus Jordan Szwarz in Diablos zone.
7:11 of 1st period - Slapshot by Vladimir Sobotka.
7:11 of 1st period - Shot Misses the Net.
7:21 of 1st period - Snap shot by Jordan Szwarz.
7:21 of 1st period - Stopped by Christopher Gibson with a rebound.
7:33 of 1st period - Andrey Pedan is hit by Matt Kassian and loses puck.
7:58 of 1st period - Wrist shot by Adrian Kempe.
7:58 of 1st period - Shot Misses the Net.
8:34 of 1st period - Philip Larsen is hit by Tanner Pearson and loses puck.
8:43 of 1st period - Slapshot by Brian Dumoulin.
8:43 of 1st period - Shot Blocked by Greg Pateryn.
9:03 of 1st period - Anders Lee is hit by Jiri Sekac and loses puck.
9:24 of 1st period - Snap shot by Matthew Nieto.
9:24 of 1st period - Shot Misses the Net.
9:46 of 1st period - Minor Penalty to Corey Trivino for Roughing.
9:47 of 1st period - Nick Spaling wins face-off versus Anders Lee in Diablos zone.
10:23 of 1st period - Slapshot by David Savard.
10:23 of 1st period - Stopped by Kristers Gudlevskis without a rebound.
10:24 of 1st period - Victor Rask wins face-off versus Dominic Turgeon in Diablos zone.
10:31 of 1st period - Wrist shot by Victor Rask.
10:31 of 1st period - Shot Misses the Net.
10:33 of 1st period - Slapshot by Christian Folin.
10:33 of 1st period - Stopped by Kristers Gudlevskis without a rebound.
10:34 of 1st period - Anders Lee wins face-off versus Nick Spaling in Diablos zone.
11:08 of 1st period - Snap shot by Oliver Bjorkstrand.
11:08 of 1st period - Shot Misses the Net.
11:10 of 1st period - Slapshot by Christian Folin.
11:10 of 1st period - Shot Misses the Net.
11:12 of 1st period - Slapshot by Anders Lee.
11:12 of 1st period - Stopped by Kristers Gudlevskis with a rebound.
11:14 of 1st period - Snap shot by Anders Lee.
11:14 of 1st period - Deflect By Tanner Pearson.
11:14 of 1st period - Shot Misses the Net.
11:14 of 1st period - Puck is out of play.
11:15 of 1st period - Victor Rask wins face-off versus Nick Spaling in Diablos zone.
11:46 of 1st period - Penalty to Corey Trivino is over, Corey Trivino is back on ice.
12:19 of 1st period - Stuart Percy is hit by Christian Folin and loses puck.
12:23 of 1st period - Icing by Tyler Pitlick.
12:24 of 1st period - Peter Holland wins face-off versus Anders Lee in Diablos zone.
12:51 of 1st period - Stuart Percy is hit by Matthew Nieto.
13:18 of 1st period - Snap shot by Vladimir Sobotka.
13:18 of 1st period - Shot Misses the Net.
13:56 of 1st period - Snap shot by Anders Lee.
13:56 of 1st period - Shot Blocked by Brian Dumoulin.
13:58 of 1st period - Snap shot by Matt Kassian.
13:58 of 1st period - Shot Misses the Net.
14:08 of 1st period - Christian Folin is hit by Nick Spaling and loses puck.
14:29 of 1st period - Snap shot by Scott Glennie.
14:29 of 1st period - Shot Hit the Post.
14:31 of 1st period - Snap shot by Scott Glennie.
14:31 of 1st period - Stopped by Christopher Gibson with a rebound.
14:33 of 1st period - Wrist shot by Charles Hudon.
14:33 of 1st period - Shot Blocked by Bryan Rust.
14:35 of 1st period - Wrist shot by Scott Glennie.
14:35 of 1st period - Stopped by Christopher Gibson with a rebound.
14:37 of 1st period - Slapshot by Tyler Lewington.
14:37 of 1st period - Stopped by Christopher Gibson with a rebound.
14:47 of 1st period - Tyler Pitlick is hit by Christian Folin and loses puck.
15:06 of 1st period - Snap shot by Kevin Labanc.
15:06 of 1st period - Shot Misses the Net.
15:08 of 1st period - Snap shot by Kevin Labanc.
15:08 of 1st period - Stopped by Kristers Gudlevskis without a rebound.
15:09 of 1st period - Vladimir Sobotka wins face-off versus Corey Trivino in Diablos zone.
15:12 of 1st period - Slapshot by Bryan Rust.
15:12 of 1st period - Stopped by Kristers Gudlevskis with a rebound.
15:14 of 1st period - Slapshot by David Savard.
15:14 of 1st period - Shot Blocked by Brian Dumoulin.
15:29 of 1st period - Minor Penalty to David Savard for Hooking.
15:30 of 1st period - Corey Trivino wins face-off versus Vladimir Sobotka in Inferno zone.
15:35 of 1st period - Wrist shot by Nick Spaling.
15:35 of 1st period - Shot Misses the Net.
15:37 of 1st period - Slapshot by Brian Dumoulin.
15:37 of 1st period - Shot Blocked by Bryan Rust.
15:39 of 1st period - Slapshot by Philip Larsen.
15:39 of 1st period - Shot Misses the Net.
15:55 of 1st period - Bryan Rust is hit by Peter Holland and loses puck.
17:27 of 1st period - Slapshot by Philip Larsen.
17:27 of 1st period - Shot Misses the Net.
17:29 of 1st period - Penalty to David Savard is over, David Savard is back on ice.
17:29 of 1st period - Slapshot by Brian Dumoulin.
17:29 of 1st period - Stopped by Christopher Gibson with a rebound.
17:31 of 1st period - Slapshot by Stuart Percy.
17:31 of 1st period - Shot Misses the Net.
17:33 of 1st period - Snap shot by Matt Lindblad.
17:33 of 1st period - Stopped by Christopher Gibson with a rebound.
17:35 of 1st period - Wrist shot by Andrei Mironov.
17:35 of 1st period - Deflect By Danton Heinen.
17:35 of 1st period - Shot Blocked by Christian Folin.
17:35 of 1st period - Puck is out of play.
17:36 of 1st period - Adrian Kempe wins face-off versus Anders Lee in Inferno zone.
17:39 of 1st period - Snap shot by Adrian Kempe.
17:39 of 1st period - Deflect By David Savard.
17:39 of 1st period - Shot Blocked by David Savard.
17:39 of 1st period - Puck is out of play.
17:40 of 1st period - Anders Lee wins face-off versus Adrian Kempe in Inferno zone.
18:05 of 1st period - David Savard is hit by Brian Dumoulin and loses puck.
18:38 of 1st period - Snap shot by Esa Lindell.
18:38 of 1st period - Shot Misses the Net.
18:54 of 1st period - Slapshot by Riley Nash.
18:54 of 1st period - Shot Misses the Net.
19:18 of 1st period - Backhand shot by Philip Larsen.
19:18 of 1st period - Stopped by Christopher Gibson without a rebound.
19:19 of 1st period - Corey Trivino wins face-off versus Vladimir Sobotka in Inferno zone.
19:20 of 1st period - Wrist shot by Jordan Szwarz.
19:20 of 1st period - Stopped by Christopher Gibson without a rebound.
19:21 of 1st period - Corey Trivino wins face-off versus Vladimir Sobotka in Inferno zone.
Goals for this period are 1 for Inferno vs 0 for Diablos .
Shots for this period are 10 for Inferno vs 14 for Diablos .
2nd period
0:01 of 2nd period - Vladimir Sobotka wins face-off versus Corey Trivino in neutral zone.
0:04 of 2nd period - Backhand shot by David Savard.
0:04 of 2nd period - Stopped by Kristers Gudlevskis with a rebound.
0:10 of 2nd period - Snap shot by Jordan Szwarz.
0:10 of 2nd period - Shot Misses the Net.
0:51 of 2nd period - Christian Folin is hit by Adrian Kempe.
1:00 of 2nd period - Viktor Loov is hit by Matthew Nieto and loses puck.
1:21 of 2nd period - Wrist shot by Victor Rask.
1:21 of 2nd period - Deflect By Peter Cehlarik.
1:21 of 2nd period - Stopped by Kristers Gudlevskis with a rebound.
1:23 of 2nd period - Snap shot by Christian Folin.
1:23 of 2nd period - Shot Misses the Net.
1:54 of 2nd period - Andrey Pedan is hit by Anders Lee and loses puck.
2:01 of 2nd period - Slapshot by Kevin Labanc.
2:01 of 2nd period - Stopped by Kristers Gudlevskis with a rebound.
2:03 of 2nd period - Wrist shot by Kevin Labanc.
2:03 of 2nd period - Stopped by Kristers Gudlevskis with a rebound.
2:09 of 2nd period - Minor Penalty to Andrey Pedan for Tripping.
2:10 of 2nd period - Jordan Szwarz wins face-off versus Anders Lee in Diablos zone.
3:07 of 2nd period - Kevin Labanc is hit by Corey Trivino.
3:23 of 2nd period - Slapshot by Brian Dumoulin.
3:23 of 2nd period - Stopped by Christopher Gibson with a rebound.
3:59 of 2nd period - Nick Spaling is hit by Philip Varone and loses puck.
4:09 of 2nd period - Penalty to Andrey Pedan is over, Andrey Pedan is back on ice.
4:11 of 2nd period - Icing by Esa Lindell.
4:12 of 2nd period - Adrian Kempe wins face-off versus Victor Rask in Inferno zone.
4:13 of 2nd period - Wrist shot by Scott Glennie.
4:13 of 2nd period - Shot Misses the Net.
4:57 of 2nd period - Off-side.
4:58 of 2nd period - Riley Nash wins face-off versus Anders Lee in neutral zone.
5:36 of 2nd period - Jordan Szwarz is hit by Matthew Nieto.
5:46 of 2nd period - Jiri Sekac is hit by Mathieu Brodeur and loses puck.
5:57 of 2nd period - Wrist shot by Peter Holland.
5:57 of 2nd period - Shot Misses the Net.
6:00 of 2nd period - Icing by Bryan Rust.
6:01 of 2nd period - Adrian Kempe wins face-off versus Vladimir Sobotka in Inferno zone.
6:15 of 2nd period - Snap shot by Adrian Kempe.
6:15 of 2nd period - Deflect By Scott Glennie.
6:15 of 2nd period - Shot Misses the Net.
6:15 of 2nd period - Puck is out of play.
6:16 of 2nd period - Corey Trivino wins face-off versus Kevin Labanc in Inferno zone.
6:17 of 2nd period - Snap shot by Jordan Szwarz.
6:17 of 2nd period - Shot Misses the Net.
6:19 of 2nd period - Snap shot by Philip Larsen.
6:19 of 2nd period - Shot Blocked by Esa Lindell.
6:21 of 2nd period - Slapshot by Nick Spaling.
6:21 of 2nd period - Stopped by Christopher Gibson with a rebound.
6:23 of 2nd period - Snap shot by Jordan Szwarz.
6:23 of 2nd period - Deflect By Anders Lee.
6:23 of 2nd period - Stopped by Christopher Gibson without a rebound.
6:24 of 2nd period - Matt Kassian wins face-off versus Corey Trivino in Inferno zone.
6:37 of 2nd period - Slapshot by Nick Spaling.
6:37 of 2nd period - Stopped by Christopher Gibson with a rebound.
6:39 of 2nd period - Snap shot by Corey Trivino.
6:39 of 2nd period - Stopped by Christopher Gibson with a rebound.
7:12 of 2nd period - Snap shot by Kevin Labanc.
7:12 of 2nd period - Deflect By Matt Kassian.
7:12 of 2nd period - Shot Blocked by Brian Dumoulin.
7:12 of 2nd period - Puck is out of play.
7:13 of 2nd period - Vladimir Sobotka wins face-off versus Corey Trivino in Diablos zone.
7:26 of 2nd period - Snap shot by Nick Spaling.
7:26 of 2nd period - Goal by Nick Spaling - Inferno : 1 - Diablos : 1.
7:27 of 2nd period - Corey Trivino wins face-off versus Vladimir Sobotka in neutral zone.
7:52 of 2nd period - Wrist shot by Adrian Kempe.
7:52 of 2nd period - Shot Blocked by Tanner Pearson.
8:07 of 2nd period - Slapshot by Tanner Pearson.
8:07 of 2nd period - Stopped by Kristers Gudlevskis with a rebound.
8:51 of 2nd period - Wrist shot by Vladimir Sobotka.
8:51 of 2nd period - Deflect By Tanner Pearson.
8:51 of 2nd period - Shot Misses the Net.
8:51 of 2nd period - Puck is out of play.
8:52 of 2nd period - Anders Lee wins face-off versus Corey Trivino in Diablos zone.
9:23 of 2nd period - Slapshot by Philip Varone.
9:23 of 2nd period - Shot Blocked by Philip Larsen.
9:25 of 2nd period - Snap shot by Oliver Bjorkstrand.
9:25 of 2nd period - Shot Blocked by Philip Larsen.
9:27 of 2nd period - Slapshot by Mathieu Brodeur.
9:27 of 2nd period - Shot Blocked by Philip Larsen.
10:03 of 2nd period - Backhand shot by Tyler Pitlick.
10:03 of 2nd period - Stopped by Christopher Gibson with a rebound.
10:27 of 2nd period - Snap shot by Jiri Sekac.
10:27 of 2nd period - Shot Misses the Net.
11:16 of 2nd period - Wrist shot by Victor Rask.
11:16 of 2nd period - Stopped by Kristers Gudlevskis with a rebound.
11:18 of 2nd period - Snap shot by Greg Pateryn.
11:18 of 2nd period - Shot Blocked by Tyler Pitlick.
11:20 of 2nd period - Wrist shot by Peter Cehlarik.
11:20 of 2nd period - Deflect By Tyler Shattock.
11:20 of 2nd period - Inferno goal is going for a video replay.
11:20 of 2nd period - The goal is refused. The puck has been directed, batted or thrown into the net by an attacking player other than with a stick..
11:21 of 2nd period - Corey Trivino wins face-off versus Bryan Rust in Diablos zone.
11:25 of 2nd period - Off-side.
11:26 of 2nd period - Corey Trivino wins face-off versus Vladimir Sobotka in neutral zone.
11:28 of 2nd period - Off-side.
11:29 of 2nd period - Corey Trivino wins face-off versus Tanner Pearson in neutral zone.
11:29 of 2nd period - Corey Trivino is hit by Vladimir Sobotka.
12:16 of 2nd period - Snap shot by Jakub Vrana.
12:16 of 2nd period - Stopped by Christopher Gibson without a rebound.
12:17 of 2nd period - Philip Varone wins face-off versus Riley Nash in Inferno zone.
13:53 of 2nd period - Snap shot by Tyler Shattock.
13:53 of 2nd period - Shot Misses the Net.
14:29 of 2nd period - Snap shot by Scott Glennie.
14:29 of 2nd period - Stopped by Christopher Gibson without a rebound.
14:30 of 2nd period - Corey Trivino wins face-off versus Vladimir Sobotka in Inferno zone.
14:43 of 2nd period - Wrist shot by Tanner Pearson.
14:43 of 2nd period - Stopped by Kristers Gudlevskis with a rebound.
14:45 of 2nd period - Snap shot by Tanner Pearson.
14:45 of 2nd period - Shot Misses the Net.
15:04 of 2nd period - Slapshot by Philip Larsen.
15:04 of 2nd period - Stopped by Christopher Gibson without a rebound.
15:05 of 2nd period - Corey Trivino wins face-off versus Vladimir Sobotka in Inferno zone.
15:10 of 2nd period - Wrist shot by Nick Spaling.
15:10 of 2nd period - Shot Blocked by Esa Lindell.
15:16 of 2nd period - Nick Spaling is hit by David Savard.
15:33 of 2nd period - Off-side.
15:34 of 2nd period - Peter Holland wins face-off versus Anders Lee in neutral zone.
15:41 of 2nd period - Wrist shot by Tyler Pitlick.
15:41 of 2nd period - Shot Misses the Net.
15:43 of 2nd period - Slapshot by Brian Dumoulin.
15:43 of 2nd period - Deflect By Tyler Pitlick.
15:43 of 2nd period - Stopped by Christopher Gibson with a rebound.
16:03 of 2nd period - Wrist shot by Tyler Pitlick.
16:03 of 2nd period - Shot Misses the Net.
16:21 of 2nd period - Wrist shot by Peter Holland.
16:21 of 2nd period - Shot Misses the Net.
16:23 of 2nd period - Wrist shot by Peter Holland.
16:23 of 2nd period - Shot Misses the Net.
16:25 of 2nd period - Snap shot by Peter Holland.
16:25 of 2nd period - Shot Blocked by Matt Kassian.
16:27 of 2nd period - Slapshot by Tyler Pitlick.
16:27 of 2nd period - Stopped by Christopher Gibson without a rebound.
16:28 of 2nd period - Tanner Pearson wins face-off versus Corey Trivino in Inferno zone.
17:15 of 2nd period - Snap shot by Victor Rask.
17:15 of 2nd period - Stopped by Kristers Gudlevskis with a rebound.
17:21 of 2nd period - Snap shot by Adrian Kempe.
17:21 of 2nd period - Shot Misses the Net.
17:23 of 2nd period - Snap shot by Scott Glennie.
17:23 of 2nd period - Shot Blocked by Peter Cehlarik.
17:25 of 2nd period - Wrist shot by Charles Hudon.
17:25 of 2nd period - Shot Misses the Net.
17:27 of 2nd period - Slapshot by Charles Hudon.
17:27 of 2nd period - Deflect By Scott Glennie.
17:27 of 2nd period - Stopped by Christopher Gibson with a rebound.
17:29 of 2nd period - Slapshot by Tyler Lewington.
17:29 of 2nd period - Stopped by Christopher Gibson with a rebound.
17:31 of 2nd period - Wrist shot by Scott Glennie.
17:31 of 2nd period - Shot Misses the Net.
17:35 of 2nd period - Snap shot by Adrian Kempe.
17:35 of 2nd period - Shot Blocked by Peter Cehlarik.
18:08 of 2nd period - Snap shot by Victor Rask.
18:08 of 2nd period - Shot Misses the Net.
18:24 of 2nd period - Snap shot by Adrian Kempe.
18:24 of 2nd period - Shot Blocked by Victor Rask.
18:26 of 2nd period - Slapshot by Charles Hudon.
18:26 of 2nd period - Stopped by Christopher Gibson with a rebound.
18:28 of 2nd period - Wrist shot by Charles Hudon.
18:28 of 2nd period - Shot Misses the Net.
18:30 of 2nd period - Snap shot by Scott Glennie.
18:30 of 2nd period - Shot Blocked by Greg Pateryn.
18:32 of 2nd period - Wrist shot by Adrian Kempe.
18:32 of 2nd period - Stopped by Christopher Gibson without a rebound.
18:33 of 2nd period - Vladimir Sobotka wins face-off versus Corey Trivino in Inferno zone.
19:07 of 2nd period - Slapshot by Viktor Loov.
19:07 of 2nd period - Deflect By Tyler Pitlick.
19:07 of 2nd period - Shot Misses the Net.
19:07 of 2nd period - Puck is out of play.
19:08 of 2nd period - Corey Trivino wins face-off versus Anders Lee in Inferno zone.
19:12 of 2nd period - Icing by David Savard.
19:13 of 2nd period - Anders Lee wins face-off versus Corey Trivino in Inferno zone.
Goals for this period are 0 for Inferno vs 1 for Diablos .
Shots for this period are 9 for Inferno vs 16 for Diablos .
3rd period
0:01 of 3rd period - Vladimir Sobotka wins face-off versus Corey Trivino in neutral zone.
0:05 of 3rd period - Icing by Brian Dumoulin.
0:06 of 3rd period - Vladimir Sobotka wins face-off versus Corey Trivino in Diablos zone.
0:16 of 3rd period - Icing by Brian Dumoulin.
0:17 of 3rd period - Corey Trivino wins face-off versus Vladimir Sobotka in Diablos zone.
0:52 of 3rd period - Icing by Philip Larsen.
0:53 of 3rd period - Anders Lee wins face-off versus Corey Trivino in Diablos zone.
0:54 of 3rd period - Wrist shot by Kevin Labanc.
0:54 of 3rd period - Shot Blocked by Brian Dumoulin.
0:56 of 3rd period - Backhand shot by Matt Kassian.
0:56 of 3rd period - Shot Misses the Net.
0:58 of 3rd period - Wrist shot by Kevin Labanc.
0:58 of 3rd period - Stopped by Kristers Gudlevskis with a rebound.
1:00 of 3rd period - Slapshot by David Savard.
1:00 of 3rd period - Deflect By Anders Lee.
1:00 of 3rd period - Shot Blocked by Philip Larsen.
1:00 of 3rd period - Puck is out of play.
1:01 of 3rd period - Peter Holland wins face-off versus Anders Lee in Diablos zone.
1:50 of 3rd period - Backhand shot by Philip Larsen.
1:50 of 3rd period - Goal by Philip Larsen - Inferno : 1 - Diablos : 2.
1:51 of 3rd period - Corey Trivino wins face-off versus Vladimir Sobotka in neutral zone.
2:38 of 3rd period - Jakub Vrana is hit by Matt Kassian and loses puck.
2:43 of 3rd period - Snap shot by Kevin Labanc.
2:43 of 3rd period - Stopped by Kristers Gudlevskis with a rebound.
3:11 of 3rd period - Adrian Kempe is hit by Peter Cehlarik.
3:23 of 3rd period - Jordan Szwarz is hit by Bryan Rust and loses puck.
3:32 of 3rd period - Snap shot by Tanner Pearson.
3:32 of 3rd period - Stopped by Kristers Gudlevskis without a rebound.
3:33 of 3rd period - Peter Holland wins face-off versus Anders Lee in Diablos zone.
5:11 of 3rd period - Peter Cehlarik is hit by Tyler Pitlick and loses puck.
5:47 of 3rd period - Minor Penalty to Philip Varone for Hooking.
5:48 of 3rd period - Corey Trivino wins face-off versus Vladimir Sobotka in Inferno zone.
6:04 of 3rd period - Icing by Jordan Szwarz.
6:05 of 3rd period - Vladimir Sobotka wins face-off versus Corey Trivino in Diablos zone.
6:17 of 3rd period - Off-side.
6:18 of 3rd period - Corey Trivino wins face-off versus Vladimir Sobotka in neutral zone.
7:15 of 3rd period - Slapshot by David Savard.
7:15 of 3rd period - Shot Blocked by Jiri Sekac.
7:47 of 3rd period - Penalty to Philip Varone is over, Philip Varone is back on ice.
7:51 of 3rd period - Snap shot by Philip Varone.
7:51 of 3rd period - Stopped by Kristers Gudlevskis with a rebound.
7:59 of 3rd period - Slapshot by Philip Larsen.
7:59 of 3rd period - Stopped by Christopher Gibson with a rebound.
8:01 of 3rd period - Snap shot by Brian Dumoulin.
8:01 of 3rd period - Deflect By Jakub Vrana.
8:01 of 3rd period - Deflect By Christian Folin.
8:01 of 3rd period - Stopped by Christopher Gibson without a rebound.
8:02 of 3rd period - Adrian Kempe wins face-off versus Philip Varone in Inferno zone.
8:03 of 3rd period - Wrist shot by Scott Glennie.
8:03 of 3rd period - Stopped by Christopher Gibson without a rebound.
8:04 of 3rd period - Adrian Kempe wins face-off versus Philip Varone in Inferno zone.
8:33 of 3rd period - Snap shot by Peter Cehlarik.
8:33 of 3rd period - Shot Misses the Net.
8:35 of 3rd period - Slapshot by Victor Rask.
8:35 of 3rd period - Deflect By Peter Cehlarik.
8:35 of 3rd period - Stopped by Kristers Gudlevskis without a rebound.
8:36 of 3rd period - Corey Trivino wins face-off versus Victor Rask in Diablos zone.
8:47 of 3rd period - Snap shot by Jordan Szwarz.
8:47 of 3rd period - Shot Misses the Net.
8:49 of 3rd period - Backhand shot by Philip Larsen.
8:49 of 3rd period - Stopped by Christopher Gibson without a rebound.
8:50 of 3rd period - Vladimir Sobotka wins face-off versus Corey Trivino in Inferno zone.
9:07 of 3rd period - Snap shot by Vladimir Sobotka.
9:07 of 3rd period - Stopped by Kristers Gudlevskis with a rebound.
9:17 of 3rd period - Brian Dumoulin is hit by Anders Lee.
9:37 of 3rd period - Matthew Nieto is hit by Ty Rattie and loses puck.
9:44 of 3rd period - Viktor Loov is hit by Matthew Nieto and loses puck.
9:57 of 3rd period - Andrey Pedan is hit by Bryan Rust and loses puck.
10:18 of 3rd period - Peter Cehlarik is hit by Andrey Pedan.
10:22 of 3rd period - Slapshot by Victor Rask.
10:22 of 3rd period - Stopped by Kristers Gudlevskis with a rebound.
10:24 of 3rd period - Snap shot by David Savard.
10:24 of 3rd period - Shot Blocked by Andrey Pedan.
10:26 of 3rd period - Slapshot by Tyler Shattock.
10:26 of 3rd period - Shot Blocked by Viktor Loov.
10:37 of 3rd period - Minor Penalty to Viktor Loov for Hooking.
10:38 of 3rd period - Nick Spaling wins face-off versus Anders Lee in Diablos zone.
12:37 of 3rd period - Penalty to Viktor Loov is over, Viktor Loov is back on ice.
12:45 of 3rd period - Snap shot by Brian Dumoulin.
12:45 of 3rd period - Deflect By Vladimir Sobotka.
12:45 of 3rd period - Stopped by Christopher Gibson without a rebound.
12:46 of 3rd period - Vladimir Sobotka wins face-off versus Adrian Kempe in Inferno zone.
13:11 of 3rd period - Greg Pateryn is hit by Charles Hudon and loses puck.
13:26 of 3rd period - Slapshot by Christian Folin.
13:26 of 3rd period - Deflect By Vladimir Sobotka.
13:26 of 3rd period - Stopped by Kristers Gudlevskis without a rebound.
13:27 of 3rd period - Matt Kassian wins face-off versus Peter Holland in Diablos zone.
13:37 of 3rd period - Icing by Viktor Loov.
13:38 of 3rd period - Anders Lee wins face-off versus Peter Holland in Diablos zone.
14:04 of 3rd period - Nick Spaling is hit by David Savard.
14:32 of 3rd period - Wrist shot by Philip Varone.
14:32 of 3rd period - Stopped by Kristers Gudlevskis with a rebound.
14:34 of 3rd period - Slapshot by Greg Pateryn.
14:34 of 3rd period - Stopped by Kristers Gudlevskis without a rebound.
14:35 of 3rd period - Vladimir Sobotka wins face-off versus Corey Trivino in Diablos zone.
15:13 of 3rd period - Snap shot by Matthew Nieto.
15:13 of 3rd period - Shot Misses the Net.
15:15 of 3rd period - Slapshot by Esa Lindell.
15:15 of 3rd period - Shot Misses the Net.
15:35 of 3rd period - Snap shot by Kevin Labanc.
15:35 of 3rd period - Shot Blocked by Brian Dumoulin.
15:37 of 3rd period - Snap shot by Christian Folin.
15:37 of 3rd period - Stopped by Kristers Gudlevskis with a rebound.
16:15 of 3rd period - Slapshot by Tanner Pearson.
16:15 of 3rd period - Stopped by Kristers Gudlevskis with a rebound.
16:17 of 3rd period - Wrist shot by Vladimir Sobotka.
16:17 of 3rd period - Shot Misses the Net.
17:24 of 3rd period - Slapshot by Viktor Loov.
17:24 of 3rd period - Stopped by Christopher Gibson without a rebound.
17:25 of 3rd period - Corey Trivino wins face-off versus Philip Varone in Inferno zone.
18:23 of 3rd period - Minor Penalty to Adrian Kempe for Holding.
18:24 of 3rd period - Nick Spaling wins face-off versus Anders Lee in Diablos zone.
18:58 of 3rd period - Inferno, Christopher Gibson is pulled from the net.
19:43 of 3rd period - Snap shot by Dominic Turgeon.
19:43 of 3rd period - Goal by Dominic Turgeon - Inferno : 1 - Diablos : 3.
19:43 of 3rd period - Christopher Gibson from Inferno was sent back in the game.
19:44 of 3rd period - Nick Spaling wins face-off versus Anders Lee in neutral zone.
Goals for this period are 0 for Inferno vs 2 for Diablos .
Shots for this period are 12 for Inferno vs 8 for Diablos .
Back to the Top